 Dungeon Crawl Stone Soup version 0.20-a0-1017-gc3250ce (webtiles) character file.

1740 Gorglomux the Arsonist (level 8, 0/31 HPs)
             Began as a Felid Fire Elementalist on Apr 15, 2017.
             Was an Initiate of Vehumet.
             Slain by an ogre
             ... wielding a cursed +0 giant spiked club
              (30 damage)
             ... on level 8 of the Dungeon on Apr 16, 2017.
             The game lasted 00:20:43 (8451 turns).

Gorglomux the Arsonist (Felid Fire Elementalist)    Turns: 8451, Time: 00:20:44

Health: 0/31       AC:  2    Str:  4    XL:     8   Next: 77%
Magic:  15/15      EV: 18    Int: 18    God:    Vehumet [......]
Gold:   347        SH:  3    Dex: 18    Spells: 3/16 levels left
                                        Lives:  0   Deaths: 2

rFire    . . .     SeeInvis +   (weapon unavailable)
rCold    . . .     Gourm    .   (shield unavailable)
rNeg     . . .     Faith    .   (armour unavailable)
rPois    .         Spirit   .   (helmet unavailable)
rElec    .         Reflect  +   (cloak unavailable)
rCorr    .         Harm     .   (gloves unavailable)
MR       ++...                  (boots unavailable)
Stlth    +++.......             E - +3 amulet of reflection
Regen    0.1/turn               O - ring of wizardry
MPRegen  0.2/turn               m - ring of protection from magic

@: quick
A: no armour, no weapons or thrown items, stealth, claws 1, fangs 3, see
invisible, carnivore 3, speed 1, shaggy fur 2, slow metabolism 1, sharp paws
a: Renounce Religion


You were on level 8 of the Dungeon.
You worshipped Vehumet.
Vehumet was noncommittal.
You were not hungry.

You visited 2 branches of the dungeon, and saw 9 of its levels.

You collected 347 gold pieces.

Inventory:

Jewellery
 m - a ring of protection from magic (right paw)
 E - a +3 amulet of reflection (around neck)
 O - a ring of wizardry (left paw)
 P - an uncursed ring of magical power
 W - an uncursed ring of wizardry
Wands
 I - a wand of iceblast (0/15)
 S - a wand of scattershot (0/9)
Scrolls
 c - 2 scrolls of enchant armour {unknown}
 f - 2 scrolls of remove curse
 i - 3 scrolls of amnesia {unknown}
 l - a scroll of immolation {unknown}
 G - a scroll of summoning {unknown}
 H - a scroll of blinking {unknown}
 L - a scroll of fog {unknown}
 M - 2 scrolls of fear {unknown}
 Q - a scroll of recharging {unknown}
 R - a scroll of identify
 T - a scroll of teleportation {unknown}
 V - 2 scrolls of magic mapping {unknown}
Potions
 e - a potion of cancellation
 h - a potion of degeneration
 k - 2 potions of lignification
 J - 2 potions of haste
 K - a potion of might
 N - 2 potions of curing
 X - a potion of flight {unknown}
 Z - a potion of heal wounds {unknown}
Books
 a - a book of Flames

   Spells                             Type                      Level
   a - Flame Tongue                   Conjuration/Fire             1
   b - Throw Flame                    Conjuration/Fire             2
   c - Conjure Flame                  Conjuration/Fire             3
   d - Inner Flame                    Hexes/Fire                   3
   e - Sticky Flame                   Conjuration/Fire             4
   f - Fireball                       Conjuration/Fire             5
 U - a book of Misfortune

   Spells                             Type                      Level
   a - Confusing Touch                Hexes                        1
   b - Confuse                        Hexes                        3
   c - Gell's Gravitas                Translocation                3
   d - Petrify                        Transmutation/Earth          4
   e - Metabolic Englaciation         Hexes/Ice                    5
   f - Yara's Violent Unravelling     Hexes/Transmutation          5
Comestibles
 b - 7 meat rations
 Y - 4 royal jellies


   Skills:
 - Level 2.6 Dodging
 - Level 2.6 Stealth
 - Level 4.5 Spellcasting
 + Level 8.0 Conjurations
 + Level 8.6 Fire Magic


You had 3 spell levels left.
You knew the following spells:

 Your Spells              Type           Power        Failure   Level  Hunger
a - Flame Tongue          Conj/Fire      ####.        1%          1    None
b - Sticky Flame          Conj/Fire      ####....     1%          4    ####...
c - Fireball              Conj/Fire      ####......   6%          5    ######.
j - Conjure Flame         Conj/Fire      ####....     1%          3    ###....


Dungeon Overview and Level Annotations

Branches:
Dungeon (8/15)             Temple (1/1) D:7
   Lair: D:8-11

Altars:
Elyvilon
Fedhas
Gozag
Kikubaaqudgha
Makhleb
Nemelex Xobeh
Okawaru
Qazlal
Sif Muna
Uskayaw
Vehumet
Yredelemnul
Zin
The Shining One


Innate Abilities, Weirdness & Mutations

You cannot wear armour.
You are incapable of wielding weapons or throwing items.
Your paws allow you to move quietly. (Stealth)
You have sharp claws.
You have razor-sharp teeth.
You have supernaturally acute eyesight. (SInv)
You are carnivorous and can eat meat at any time.
You cover ground quickly.
You are covered in thick fur. (AC +2)
You have a slow metabolism.
Your sharp claws are effective at attacking unaware monsters.


Message History

You climb upwards.
There is a stone staircase leading down here.
Casting: Flame Tongue
Confirm with . or Enter, or press ? or * to list all spells.
Aiming: Flame Tongue
Press: ? - help, Shift-Dir - straight line, f - adder
Aim: an adder The flame tongue hits the adder.
You kill the adder!
Vehumet accepts your kill.
Casting: Flame Tongue
Confirm with . or Enter, or press ? or * to list all spells.
You don't have enough magic to cast that spell.
Unknown command.
You start resting.
Magic restored.
You climb downwards.
The ogre hits you with a giant spiked club!!
Ouch! That really hurt!
You die...

#### ..#
#.#######
#.##....# #
#..'....#
#.#####.##%.@.#
#.....#.##.O..#
#.......##....#
.#
#.###S####....#
.. ###)# #....#
.# #...# ######
.. ###S########
.# #........#
.# #O.......#


You could see an ogre.

Vanquished Creatures
  Erica (D:8)
  Prince Ribbit (D:5)
  Sigmund (D:3)
  A black bear (D:7)
  2 sky beasts
  An orc warrior (D:5)
  A phantom (D:6)
  3 ogres
  A centaur (D:7)
  2 bullfrogs
  4 killer bees (D:7)
  The ghost of inmateoo the Ruffian, a weakling DrTm (D:3)
  A bullfrog zombie (D:6)
  2 howler monkeys
  2 hounds
  A jelly (D:7)
  3 orc wizards
  2 centaur skeletons
  Ijyb (D:2)
  Natasha (twice) (D:2)
  3 worker ants
  5 gnolls
  10 adders
  A shadow imp (D:6)
  2 adder skeletons (D:4)
  2 dart slugs
  3 leopard geckos
  13 orcs
  7 bats
  4 giant cockroaches
  15 goblins
  7 hobgoblins
  8 jackals
  2 quokkas
  2 ball pythons
  7 frilled lizards
  8 kobolds
  A quokka skeleton (D:7)
  8 rats
141 creatures vanquished.

Vanquished Creatures (others)
  A centaur (D:8)
1 creature vanquished.

Grand Total: 142 creatures vanquished

Notes
Turn   | Place    | Note
-------+----------+-------------------------------------------
     0 | D:1      | Gorglomux the Felid Fire Elementalist began the quest for the Orb.
     0 | D:1      | Reached XP level 1. HP: 7/7 MP: 4/4
    41 | D:1      | Reached skill level 1 in Conjurations
   132 | D:1      | Upgraded the game from 0.20-a0-1015-g2ec8a95 to 0.20-a0-1017-gc3250ce
   230 | D:1      | Reached XP level 2. HP: 3/11 MP: 4/6
   740 | D:1      | Reached skill level 3 in Fire Magic
   845 | D:1      | Reached XP level 3. HP: 14/14 MP: 5/8
  1219 | D:2      | Learned a level 3 spell: Conjure Flame
  1559 | D:2      | Found a blossoming altar of Fedhas.
  1656 | D:2      | Reached XP level 4. HP: 14/18 MP: 9/9
  1662 | D:2      | Learned a level 4 spell: Sticky Flame
  1944 | D:2      | Reached skill level 3 in Spellcasting
  2025 | D:2      | Found a deep blue altar of Sif Muna.
  2025 | D:2      | Found an ancient bone altar of Kikubaaqudgha.
  2025 | D:2      | Noticed Natasha
  2031 | D:2      | Found a burning altar of Makhleb.
  2036 | D:2      | Killed Natasha
  2299 | D:2      | Noticed Natasha
  2670 | D:2      | Noticed Ijyb
  2930 | D:2      | Killed Ijyb
  2930 | D:2      | Reached XP level 5. HP: 18/21 MP: 4/11
  3062 | D:2      | Killed Natasha
  3653 | D:3      | Noticed Sigmund
  3676 | D:3      | Noticed inmateoo's ghost (weakling DrTm)
  3695 | D:3      | Killed inmateoo's ghost
  3695 | D:3      | Reached skill level 3 in Conjurations
  3791 | D:3      | Noticed an ogre
  3812 | D:3      | Killed an ogre
  3812 | D:3      | Gained mutation: You are covered in thick fur. (AC +2) [Felid growth]
  3812 | D:3      | Reached XP level 6. HP: 24/24 MP: 0/12
  3878 | D:3      | Found an opulent altar of Gozag.
  4105 | D:3      | Killed Sigmund
  4432 | D:4      | Killed by miscasting Sticky Flame
  4433 | D:4      | Reached XP level 5. HP: -3/21 MP: 1/12
  4480 | D:4      | Reached XP level 6. HP: 24/24 MP: 10/13
  4833 | D:4      | Found a stormy altar of Qazlal.
  5113 | D:4      | Found an iron altar of Okawaru.
  5319 | D:5      | Entered Level 5 of the Dungeon
  5469 | D:5      | Noticed Prince Ribbit
  5471 | D:5      | Reached XP level 7. HP: 27/27 MP: 3/14
  5530 | D:5      | Killed Prince Ribbit
  5826 | D:5      | Reached skill level 6 in Fire Magic
  6115 | D:5      | Learned a level 5 spell: Fireball
  6340 | D:6      | Found a basalt altar of Yredelemnul.
  6431 | D:5      | Reached XP level 8. HP: 27/31 MP: 0/15
  6606 | D:5      | Reached skill level 6 in Conjurations
  7218 | D:7      | Found a staircase to the Ecumenical Temple.
  7228 | Temple   | Entered the Ecumenical Temple
  7289 | Temple   | Became a worshipper of Vehumet
  7423 | D:7      | Found a hide-covered altar of Uskayaw.
  7423 | D:7      | Found a glowing silver altar of Zin.
  7424 | D:7      | Found a glowing golden altar of the Shining One.
  8289 | D:8      | Noticed Erica
  8295 | D:8      | Reached XP level 9. HP: 34/34 MP: 0/16
  8304 | D:8      | Killed from afar by Erica
  8305 | D:8      | Reached XP level 8. HP: -7/31 MP: 1/15
  8326 | D:8      | Killed Erica
  8451 | D:8      | Slain by an ogre

Vault maps used:
D:1:      scummos_arrival_hexagon, st_stairs_2
D:2:      kennysheep_goblin_castle, nicolae_overflow_crystal_walls,
          grunt_temple_overflow_open, first_bread, uniq_natasha
D:3:      nicolae_gozag_cash_rules_everything_around_me, uniq_sigmund
D:4:      grunt_qazlal_sundering, okawaru_altar_gauntlet_db,
          kennysheep_crisscross, hangedman_decor_riveting,
          kennysheep_generic_room_11
D:5:      uniq_prince_ribbit1
D:6:      lemuel_crystal_altar
D:7:      nicolae_overflow_hidden_temple, minmay_temple_entry_statues_fountains,
          serial_bayou_crossing
D:8:      kennysheep_mini_moat, uniq_erica
Temple:   nicolae_temple_figure_zero

Skill      XL: |  1  2  3  4  5  6  7  8 |
---------------+-------------------------+-----
Conjurations   | 1 2 3 4 5 8 |  8.0
Fire Magic     | 3 4 5 6 8 |  8.6
Spellcasting   | 3 4 |  4.5
Dodging        | |  2.6
Stealth        | |  2.6

Action                   |  1- 3 |  4- 6 |  7- 9 || total
-------------------------+-------+-------+-------++-------
Melee: Unarmed           |    19 |    39 |    39 ||    97
       Bite              |     1 |     5 |     2 ||     8
 Cast: Flame Tongue      |    53 |   146 |    78 ||   277
       Conjure Flame     |       |     6 |     2 ||     8
       Sticky Flame      |       |     2 |    15 ||    17
       Fireball          |       |       |    10 ||    10
Evoke: Wand              |       |     1 |     2 ||     3
  Use: Scroll            |       |     3 |     6 ||     9
 Stab: Sleeping          |     5 |     9 |     3 ||    17
       Distracted        |       |       |     1 ||     1
  Eat: Chunk             |     9 |    14 |    10 ||    33
Armor: Skin              |     1 |    10 |     1 ||    12
Dodge: Dodged            |    29 |    91 |    79 ||   199
Block: Other             |       |       |     3 ||     3
       Reflection        |       |       |     2 ||     2
